[Event "93rd German Championship 2022"]
[Site "Magdeburg"]
[Date "2022.08.16"]
[Round "4.8"]
[White "Braun, Georg"]
[Black "Colpe, Malte"]
[Result "1-0"]
[ECO "A14"]
[WhiteElo "2398"]
[BlackElo "2363"]
[Annotator "TA"]
[PlyCount "125"]
[EventDate "2022.08.14"]
[EventType "swiss"]
[EventCountry "GER"]
[SourceTitle "playchess.com"]
[Source "ChessBase"]
[SourceQuality "1"]
[TimeControl "40/5400+30:1800+30"]

1. c4 e6 2. g3 d5 3. Bg2 Nf6 4. Nf3 Be7 5. O-O O-O 6. b3 d4 7. e3 c5 {[%emt 0:00:12] A14: English Opening: 1...e6 with b3 by White.} 8. exd4 cxd4 9. Re1 Nc6 {[%emt 0:00:53] The position is equal.} 10. d3 Bb4 11. Re2 a5 12. Na3 {[%emt 0:02:10] [#]} Nd7 $146 ({Predecessor:} 12... e5 13. Nb5 Bg4 14. h3 Bh5 15. g4 Nxg4 16. hxg4 Bxg4 17. Nh2 Bxe2 18. Qxe2 a4 {1-0 (41) Nigalidze,G (2508)-Khukhashvili,S (2341) Tbilisi 2019}) 13. Nb5 e5 {[%emt 0:00:49] Prevents Bf4.} 14. a3 Be7 15. Rb1 f6 16. Qd2 ({Better is} 16. Reb2 $11) 16... Nb6 ({Black should play} 16... Nc5 $15) 17. Re1 $11 Kh8 18. Qc2 Bg4 19. Bd2 Qd7 20. Kh1 Bh3 21. Qd1 Bxg2+ 22. Kxg2 Rae8 23. Kg1 Bd8 24. b4 axb4 25. Bxb4 Nxb4 26. Rxb4 Be7 27. Rb1 Bc5 28. Nd2 Ra8 29. Qf3 (29. Ne4 $5 Be7 30. Nbd6 $11) 29... Na4 30. Rec1 Rfd8 31. Nb3 Bf8 32. Ra1 Nc3 (32... Ra6 $17) 33. Nxc3 dxc3 34. Rxc3 Rxa3 35. Rxa3 Bxa3 36. Nc1 Bc5 37. Kg2 h6 (37... b6 $15) 38. Rb3 b6 39. Rb5 Ba3 (39... Kg8 {keeps more tension.} 40. Nb3 Qxd3 41. Nxc5 bxc5 42. Rxc5 Rd7) 40. Rd5 Qc7 41. Rxd8+ Qxd8 $14 {[%emt 0:30:07][%mdl 4096] Endgame KQB-KQN} 42. Na2 Bc5 43. Nc3 Qd4 (43... Bxf2 $5 44. Qxf2 Qxd3 $11) 44. Ne4 Kg8 45. h4 Bf8 46. h5 Be7 47. g4 (47. Qf5 {feels hotter.} Qd8 48. Nc3 Qd4 49. Nd5) 47... Qd7 48. Ng3 (48. Nc3 {is interesting.} Kf7 49. Qf5 Qc6+ 50. f3) 48... b5 49. cxb5 Qxb5 50. Nf5 Qd7 51. Qa8+ Bf8 52. Qe4 Be7 (52... Kh8 $11) 53. Nh4 ({White should try} 53. Qc4+ $16 Kf8 54. Nh4) 53... f5 (53... Ba3 $11) 54. Nxf5 $16 {[%emt 0:00:00] [#] And now f4 would win.} Bf6 55. Kf3 {[%emt 0:00:00] White is more active.} Qb5 $2 {[%emt 0:01:09][%mdl 8192] A mistake that costs the game.} (55... Kh8 $16 56. Kg2 Kg8) 56. Qc4+ $18 Qxc4 57. dxc4 {[%emt 0:00:00][%cal Bd3c4,Bc4c5,Bc5c6][%mdl 32] KB-KN} Kf7 58. c5 g6 59. hxg6+ {[%emt 0:00:00] White mates.} Kxg6 60. c6 Bd8 {[%emt 0:00:06] [#]} 61. Ne7+ $1 Kg5 (61... Kf7 62. Nd5) 62. Nd5 e4+ 63. Kxe4 {Weighted Error Value: White=0.13 (very precise) /Black=0.31} (63. Kg3 $142 e3 64. fxe3 Kg6 65. c7 Bxc7+ 66. Nxc7 Kf6 67. Kh4 Kg6 68. Kg3) 1-0

[Event "93rd German Championship 2022"]
[Site "Magdeburg"]
[Date "2022.08.16"]
[Round "4.9"]
[White "Parvanyan, Alfred"]
[Black "Wachinger, Nikolas"]
[Result "0-1"]
[ECO "A08"]
[WhiteElo "2151"]
[BlackElo "2442"]
[Annotator "TA"]
[PlyCount "106"]
[EventDate "2022.08.14"]
[EventType "swiss"]
[EventCountry "GER"]
[SourceTitle "playchess.com"]
[Source "ChessBase"]
[SourceQuality "1"]
[TimeControl "40/5400+30:1800+30"]

1. Nf3 d5 2. g3 c5 3. Bg2 Nf6 4. O-O e6 5. d3 Nc6 6. Nbd2 Be7 7. Re1 O-O 8. e4 Qc7 9. h3 {[%emt 0:07:31] C00: French: Unusual White 2nd moves.} b5 10. Nh2 Bb7 {[%emt 0:08:46] [#]} 11. exd5 $146 {[%emt 0:07:13] Black has an edge.} ({Predecessor:} 11. c3 Rfd8 12. f4 dxe4 13. dxe4 c4 14. Qe2 Bc5+ 15. Kh1 Rd3 16. Nhf1 Ne7 17. b3 {0-1 (41) Garcia Prados,D (2025)-Plazuelo Pascual,J (1851) San Sebastian 2012}) 11... exd5 (11... Nxd5 $15 12. a4 a6) 12. Ndf1 d4 13. Bf4 Qd7 14. Ng4 Nd5 15. Bd2 f5 16. Qf3 Rad8 17. Ne5 Nxe5 18. Rxe5 Bf6 19. Ree1 c4 20. dxc4 bxc4 21. Ba5 Rb8 {[%emt 0:04:21][%cal Od5e3] Hoping for ...Ne3!} 22. Qe2 {[%emt 0:02:11] Prevents Ne3.} Qb5 23. Qe6+ ({White should play} 23. Bd2) 23... Kh8 $17 24. b4 (24. Bd2 $17 {was necessary.}) 24... d3 $2 (24... Nxb4 25. Bxb4 Bc8 26. Qe2 Qxb4 27. Rab1 Qxb1 28. Rxb1 Rxb1 29. Qxc4 $17) (24... Nc3 $1 $19 {Threatens to win with ...Bxg2.} 25. Bxb7 Rxb7) 25. a4 $11 Qc6 26. Qxc6 Bxc6 27. Rac1 Bb2 $36 {[%emt 0:15:50][%mdl 2048] Black fights for an advantage.} 28. Rb1 (28. b5 $11 Bxb5 29. axb5 (29. Bxd5 Bxa4 30. Bxc4 Bxc1 $15) 29... Bxc1 30. Rxc1 (30. Bxd5 Bb2 $17)) 28... c3 $1 $17 {[%emt 0:04:33][%cal Bc4c3,Bc3c2][%mdl 32] Black is much more active.} (28... Bc3 $6 29. Re6 dxc2 30. Rc1 Bxa4 31. Bxd5 $11) 29. cxd3 Nxb4 30. Bxb4 Rxb4 31. Bxc6 c2 32. Rbc1 (32. Re8 $2 Rxe8 33. Nd2 cxb1=Q+ $19) 32... Bxc1 33. Rxc1 Rc8 $1 34. Rxc2 Rb6 35. Rc5 g6 (35... Rbxc6 36. Ra5 $17) (35... Rcxc6 36. Rxf5 g6 37. Rf7 $17) 36. Ra5 {[%emt 0:01:10] Strongly threatening Bd5.} Rcxc6 ({Not} 36... Rbxc6 37. Rxa7 R6c7 38. Ra6) 37. Rxa7 $19 {[%emt 0:01:02][%mdl 4096] Endgame KRR-KRN} Ra6 38. Rb7 Rcb6 39. Rc7 ({Reject} 39. Rxb6 Rxb6 40. Kg2 Rd6) 39... Rxa4 40. Nd2 {[%emt 0:03:25] This move loses the game for White.} (40. Ne3 $17) 40... Rb2 41. Nc4 Rc2 {[%emt 0:05:47] aiming for ...Raa2.} 42. g4 Ra1+ 43. Kg2 Raa2 44. gxf5 (44. Kg3) 44... Rxf2+ 45. Kg3 Rg2+ ({Don't go for} 45... Rxf5 $2 46. Ne3 Rg5+ 47. Kh4) (45... gxf5 $2 46. Kh4 $19) 46. Kh4 $2 {[%emt 0:07:29] [#]} (46. Kf4 $19 Raf2+ 47. Ke5 Rxf5+ 48. Kd6) 46... Raf2 $1 47. Ne5 Rf4+ 48. Ng4 Rxf5 49. Rc8+ Kg7 50. Rc7+ Rf7 (50... Kf8 $142 51. Rc8+ Kg7 52. Rc7+ Rf7 53. Ne3 Rd2 54. Rxf7+ Kxf7 55. Nc4 Rd1 56. Kg4 Ke6 57. Nb2 Rb1 58. Nc4 Rb3 59. Nd2 Rxd3 60. Nf3 {[#]} Rxf3 $1 61. Kxf3 Kf5 62. Ke3 g5 63. Kd4 Kf4 64. Kd5 Kg3 65. Ke5 Kxh3 66. Kf6 g4 67. Kg5 g3 68. Kf6 g2 69. Ke7 g1=Q 70. Kd6 Qb6+ 71. Kd5 Qb5+ 72. Kd4 Kg3 73. Kc3 Kf3 74. Kc2 Ke3 75. Kc3 h5 76. Kc2 Qb4 77. Kc1 Kd3 78. Kd1 Qd2#) 51. Rc4 h5 {[%emt 0:00:36] Black mates.} 52. Ne5 Rf5 53. Re4 Kh6 {[%emt 0:00:30] Weighted Error Value: White=0.58/Black=0.19 (very precise)} 0-1

[Event "93rd German Championship 2022"]
[Site "Magdeburg"]
[Date "2022.08.16"]
[Round "4.10"]
[White "Kunin, Vitaly"]
[Black "Miller, Eduard"]
[Result "1-0"]
[ECO "E73"]
[WhiteElo "2521"]
[BlackElo "2353"]
[Annotator "TA"]
[PlyCount "69"]
[EventDate "2022.08.14"]
[EventType "swiss"]
[EventCountry "GER"]
[SourceTitle "playchess.com"]
[Source "ChessBase"]
[SourceQuality "1"]
[TimeControl "40/5400+30:1800+30"]

1. d4 Nf6 2. c4 g6 3. Nc3 Bg7 4. e4 d6 5. Be2 O-O 6. Be3 e5 7. d5 Na6 8. g4 {[%emt 0:00:21][%cal Bg2g4,Bg4g5][%mdl 32] E73: King's Indian: Averbakh Variation without 6...c5.} Nc5 9. f3 a5 {[%emt 0:00:32] 9...h5 is the hot move.} 10. h4 {[%emt 0:00:09] White is slightly better.} h5 11. g5 Nfd7 12. Nh3 Na6 {[%emt 0:00:29] [#]} 13. a3 $146 {[%emt 0:03:26] White is more active.} (13. Nf2 $14) ({Predecessor:} 13. b3 Ndc5 14. Rb1 Bd7 15. Nf2 Qe7 16. Qd2 Kh7 17. Nb5 b6 18. Nc3 f6 19. Nh3 Bxh3 20. Rxh3 fxg5 21. hxg5 {1-0 (65) Milikow,Y (2452)-Sharavdorj,D (2382) Belgrade 2022}) 13... Ndc5 (13... Nac5 $11 {was preferrable.}) 14. Nf2 (14. b4 $5 Nd7 15. Nf2 $16) 14... Bd7 15. b3 {[%emt 0:00:10][%cal Bb2b3,Bb3b4][%mdl 32] Inhibits a4.} a4 16. b4 Nb3 17. Ra2 f6 18. Nd3 fxg5 19. hxg5 Rf4 20. Bxf4 $14 (20. Nxf4 exf4 21. Nxa4 (21. Bd2 $2 Qxg5 22. Qb1 Qg2 $19) 21... Bxa4 22. Bxf4 Qd7 $15) 20... exf4 21. e5 $1 dxe5 22. Ne4 (22. Nf2 $1 $16) 22... Bf5 23. Ndf2 Nd4 24. Kf1 (24. Qxa4 $2 Bf8 25. b5 (25. Nf6+ $2 Kf7 $19) 25... Nb4 $1 26. axb4 (26. Nf6+ $2 Kf7 $19) 26... Rxa4 27. Rxa4 Be7 $17) (24. Nf6+ $14 Bxf6 25. gxf6) 24... Nb8 {[%emt 0:04:28][%mdl 1024] Black has compensation.} (24... c6 $5 ) 25. Bd3 b6 {[%emt 0:12:48] [#]} (25... b5 $11) 26. Rg1 ({Better is} 26. Nc3 $1 $16) 26... Nd7 27. Nc3 Bf8 (27... e4 $1 $11 {remains equal.} 28. fxe4 Bg4 29. Nxg4 hxg4) 28. Nfe4 $16 ({Inferior is} 28. Nxa4 b5 29. cxb5 Rxa4 30. Qxa4 Bxd3+ 31. Nxd3 Nb6 $11) 28... Be7 (28... Bg7 $16 29. Rh2 Nf8) 29. Rf2 (29. Nb5 $18) 29... Nf8 (29... Kg7 $142) 30. Ne2 {[%emt 0:00:52] And now Nxd4 would win.} ({Stronger than} 30. Nxa4 Bh3+ 31. Ke1 Bd7 $17) 30... Bh3+ (30... Nb3 $16 {was necessary.}) 31. Ke1 $18 Nf5 32. Qa1 Nd4 (32... Nd6 {was called for.} 33. Qxe5 Nxe4) 33. Nxd4 exd4 34. Qxd4 {[%emt 0:01:27] aiming for Nf6+.} Nh7 {[%emt 0:01:24] Inhibits Nf6+.} (34... Bf5 35. Qc3 Qd7) 35. Nf6+ {[%emt 0:01:21] Weighted Error Value: White=0.20 (precise) /Black=0.40} 1-0

[Event "93rd German Championship 2022"]
[Site "Magdeburg"]
[Date "2022.08.16"]
[Round "4.11"]
[White "Feuerstack, Aljoscha"]
[Black "Dahl, Christoph"]
[Result "0-1"]
[ECO "E68"]
[WhiteElo "2477"]
[BlackElo "2348"]
[Annotator "TA"]
[PlyCount "150"]
[EventDate "2022.08.14"]
[EventType "swiss"]
[EventCountry "GER"]
[SourceTitle "playchess.com"]
[Source "ChessBase"]
[SourceQuality "1"]
[TimeControl "40/5400+30:1800+30"]

1. d4 Nf6 2. c4 g6 3. g3 Bg7 4. Bg2 O-O 5. Nc3 d6 6. Nf3 Nbd7 7. O-O e5 8. e4 a6 9. h3 b5 10. dxe5 dxe5 11. Qc2 c6 12. Be3 Qe7 {[%emt 0:01:36] E69: King's Indian: Fianchetto: 6...Nbd7 7 0-0 e5 8 e4 c6 9 h3.} 13. Nd2 Bb7 14. Nb3 Rab8 {[%emt 0:03:28] White is slightly better.} 15. c5 Rfd8 16. a4 Nf8 {[%emt 0:05:30] [#]} 17. axb5 $146 ({Predecessor:} 17. Na2 Ne6 18. Nb4 Qc7 19. Nd3 Nd7 20. Bd2 Re8 21. Ba5 Qc8 22. Rfd1 Ra8 23. h4 {1-0 (37) Kortschnoj,V-Penrose,J Palma de Mallorca 1969}) 17... axb5 18. Ra7 Ra8 19. Rfa1 {[%emt 0:00:09][%cal Oc3b5] Hoping for Nxb5!} Rxa7 20. Rxa7 Ra8 21. Rxa8 Bxa8 22. Qd1 Ne6 23. h4 Bf8 24. Qa1 Bb7 25. Bf3 {[%emt 0:06:22] Inhibits Ng4.} Qd7 26. Ne2 Bc8 27. Qb1 b4 28. Kg2 Ba6 {[%emt 0:00:47] next ...Bd3 is good for Black.} 29. Qe1 Qb7 30. Nec1 $1 Nd7 31. Na2 $1 Nexc5 (31... Ndxc5 {seems wilder.} 32. Nxc5 Nxc5 33. Nxb4 Bb5) 32. Nxc5 Bxc5 33. Bxc5 Nxc5 34. Qxb4 (34. Nxb4 $11 {keeps the balance.} Bb5 35. Qc3) 34... Nd3 $36 {[%emt 0:00:34][%csl LRb2,LRb4][%mdl 2048] Black is on the roll.} 35. Qxb7 Bxb7 {[%emt 0:00:05][%mdl 4096] Endgame KBN-KBN} 36. Be2 Nxb2 {[%emt 0:00:19] Black is more active.} 37. Nc3 Kf8 38. f4 ({Better is} 38. Nb1) 38... Ke7 $1 39. Kf3 Kd6 40. Ke3 Bc8 41. Kd2 Be6 42. Kc1 {[%emt 0:05:46] [#]} (42. f5 $17 Bb3 43. fxg6 fxg6 44. Nb1) 42... Nc4 $2 (42... exf4 $1 $19 43. gxf4 Nc4) 43. f5 $1 $11 gxf5 44. exf5 Bd5 45. Bxc4 Bxc4 {[%emt 0:00:06] KB-KN} 46. Ne4+ Ke7 {[%emt 0:00:28] White must now prevent ...Bd5.} 47. Kd2 $2 (47. g4 $1 $11 {and White is okay.}) 47... Bd5 $19 48. Nf2 {[%emt 0:04:32] [#]} h5 (48... Kf6 $1 $19 {And now ...h5 would win.} 49. g4 h5 50. gxh5 Kxf5) 49. g4 $11 hxg4 50. Nxg4 f6 51. h5 $2 {[%emt 0:02:37][%mdl 8192] White is on the road to losing.} (51. Kc3 $11) 51... Be4 $19 (51... Bf3 52. h6 Kf7 53. h7 $11) 52. Ne3 Kf7 (52... Bf3 $142 53. h6 Kf8) 53. h6 {[%emt 0:00:12] [#]} Bf3 $1 {[%emt 0:02:30] Threatens to win with ...Kg8.} ({Worse is} 53... Kg8 54. Ng4 Kh8 55. Nxf6 Bxf5 56. Ke3 $11) 54. Nc4 Kg8 55. Nd6 Kh7 56. Ne8 Kxh6 57. Nxf6 Kg5 $1 58. Nd7 Kxf5 59. Ke3 Bd5 60. Nc5 Bh1 (60... Bf7 $142 61. Nb7 Bg6 62. Nd8 Be8 63. Nb7 Ke6 64. Nc5+ Kd5 65. Ne4 Bg6 66. Nf6+ Ke6 67. Ng4 c5 68. Kd2 Kf5 69. Ne3+ Ke4 70. Nd1 c4 71. Kc3 Bh5 72. Nb2 Bf7 73. Nd1 Kf3 74. Kc2 Be8 75. Nc3 e4 76. Kd2 Bh5 77. Nd5 Bf7 78. Nc3 Bh5 79. Ke1 Ke3 80. Ne2 Bf3 81. Nc1 Kd4 82. Kf2 Bh5 83. Na2 c3 84. Ke1 e3 85. Nb4 Bg6 86. Kd1 Kc4 87. Na2 Bd3 88. Ke1 c2 89. Nc1 Kc3 90. Na2+ Kd4 91. Nc1 Bc4 92. Nd3 Kxd3 93. Kf1 c1=Q+ 94. Kg2 Qe1 95. Kf3 Qh4 96. Kg2 Qf2+ 97. Kh3 Be6#) 61. Kd2 Bg2 62. Ke3 Kf6 63. Kf2 Bh3 64. Ke3 Bf5 65. Kd2 e4 66. Ke3 Ke5 67. Nb3 Kd5 {[%emt 0:00:22] ( -> ...c5)} 68. Kd2 c5 69. Na5 Bd7 {[%emt 0:02:02] Black mates.} ({Not} 69... c4 70. Kc3 $11) 70. Ke3 Ba4 71. Kd2 Kd4 72. Nb7 e3+ 73. Ke2 Bb5+ 74. Ke1 c4 75. Na5 Ba4 {[%emt 0:00:31] Weighted Error Value: White=0.59/Black=0.33} 0-1

[Event "93rd German Championship 2022"]
[Site "Magdeburg"]
[Date "2022.08.16"]
[Round "4.12"]
[White "Arnold, Max"]
[Black "Gungl, Theo"]
[Result "1/2-1/2"]
[ECO "B90"]
[WhiteElo "2350"]
[BlackElo "2366"]
[Annotator "TA"]
[PlyCount "80"]
[EventDate "2022.08.14"]
[EventType "swiss"]
[EventCountry "GER"]
[SourceTitle "playchess.com"]
[Source "ChessBase"]
[SourceQuality "1"]
[TimeControl "40/5400+30:1800+30"]

1. e4 c5 2. Nf3 d6 3. d4 cxd4 4. Nxd4 Nf6 5. Nc3 a6 6. Bd3 e6 7. O-O Nc6 8. Nxc6 bxc6 9. b3 {[%emt 0:04:51] B46: Sicilian: Taimanov: 5 Nc3 a6.} Be7 10. Bb2 Bb7 11. Qe2 {[%emt 0:07:45] White is slightly better.} Qc7 {[%emt 0:13:11] [#]} 12. Na4 $146 ({Predecessor:} 12. f4 Nd7 13. Kh1 Nc5 14. e5 Nxd3 15. cxd3 c5 16. Rac1 d5 17. Na4 Rc8 18. Nxc5 Bxc5 {1-0 (33) Cantero Navarro,A (2251)-Carrasco Sagredo,M (2133) Benidorm 2012}) 12... c5 13. c4 (13. e5 {with more complications.} dxe5 14. Bxe5 Bd6 15. Bxd6 Qxd6 16. Rad1) 13... Bc6 14. Nc3 O-O 15. Rae1 Nd7 16. Nd5 Bxd5 (16... exd5 $14 17. exd5 Bf6) 17. exd5 $16 e5 {[%emt 0:00:14] [#]} 18. f4 $1 $36 {[%emt 0:01:52][%mdl 2048] aiming for Qh5. Keeping Black busy.} Bf6 19. Qe4 g6 {[%emt 0:00:24] [#]} 20. f5 $1 Qd8 21. Re3 Qe7 22. Rh3 (22. fxg6 $6 fxg6 23. Ref3 Bg7 $14) 22... Rfe8 23. Rhf3 {[%emt 0:06:09][%cal Rf5g6] White is much more active.} ({But not} 23. fxg6 $6 fxg6 24. Rhf3 Rf8 $14) 23... Bg7 24. fxg6 ({White should try} 24. Bc2 $16) 24... fxg6 $14 25. Bc2 Rf8 26. Bc1 Rxf3 27. Rxf3 Rf8 (27... Re8 $11) 28. Rxf8+ $16 Qxf8 29. Qg4 (29. g4 $16) 29... Bh6 $1 $11 {[%emt 0:06:41] Prevents g5. The position is equal.} 30. Qe6+ Kh8 31. Bxh6 Qxh6 32. Qxd7 {[%emt 0:00:12] And now Qf7 would win.} Qc1+ 33. Kf2 {[%emt 0:00:04] Black must now prevent Qe8+.} Qxc2+ {[%emt 0:00:05][%mdl 4096] Endgame KQ-KQ} 34. Kg3 Qd3+ 35. Kh4 Qd4+ 36. Kh3 Qe3+ 37. g3 Qh6+ 38. Kg2 Qd2+ 39. Kh3 Qh6+ 40. Kg2 Qd2+ {[%emt 0:00:02] Weighted Error Value: White=0.12 (very precise) /Black=0.09 (flawless)} 1/2-1/2

[Event "93rd German Championship 2022"]
[Site "Magdeburg"]
[Date "2022.08.16"]
[Round "4.13"]
[White "Malek, Daniel"]
[Black "Pahl, Erik"]
[Result "1/2-1/2"]
[ECO "C65"]
[WhiteElo "2365"]
[BlackElo "2203"]
[Annotator "TA"]
[PlyCount "151"]
[EventDate "2022.08.14"]
[EventType "swiss"]
[EventCountry "GER"]
[SourceTitle "playchess.com"]
[Source "ChessBase"]
[SourceQuality "1"]
[TimeControl "40/5400+30:1800+30"]

1. e4 e5 2. Nf3 Nc6 3. Bb5 Nf6 4. d3 Bc5 5. c3 d6 6. O-O O-O 7. Bg5 Bb6 {[%emt 0:03:07] C65: Ruy Lopez: Berlin Defence (3...Nf6), unusual lines and 4 0-0 Bc5.} (7... h6 $5 8. Be3 Bxe3 9. fxe3 Bd7 $11) 8. a4 {[%emt 0:02:05] [#]} a5 $146 ({Predecessor:} 8... a6 9. Bxc6 bxc6 10. a5 Ba7 11. Nbd2 Rb8 12. Nc4 Be6 13. Qe2 Qd7 14. Bxf6 gxf6 15. Ne3 {½-½ (79) Kazakov,M (2496)-Ovsejevitsch,S (2529) Ordzhonikidze 2001}) 9. Nbd2 Ne7 10. d4 Ng6 11. h3 c6 12. Bd3 h6 13. Be3 Nh5 14. Re1 Nhf4 15. Bf1 exd4 16. Bxd4 Bc7 17. Nc4 Ne6 18. Be3 f5 19. exf5 Rxf5 20. g3 (20. Ra3 {looks sharper.} d5 21. Bd3 Nef4 22. Bxf4 Nxf4 23. Bxf5 Bxf5 24. Ne3) 20... d5 21. Ncd2 Rf6 22. Nb3 Qf8 23. Bg2 Ne7 24. Nfd4 Ng5 25. Bxg5 hxg5 26. Qd2 g4 27. h4 (27. Qe2 $5 gxh3 28. Qxe7 hxg2 29. Qxf8+ (29. Qxc7 Rxf2 30. g4 Rxb2 $11) 29... Rxf8 30. Kxg2 $11) 27... Ng6 28. Re2 Bd7 $1 29. Rae1 Qd6 30. Qg5 $36 {[%emt 0:01:23][%mdl 2048] Black is under pressure.} Raf8 31. Nc1 {[%emt 0:04:14] Active counter play!} (31. Nb5 $5 cxb5 32. Bxd5+ R8f7 33. Bxf7+ Rxf7 34. Nd4 $11) 31... Bd8 {[%emt 0:03:21][%cal Of6f2] White must now prevent ...Rxf2!} 32. Qd2 {[%emt 0:01:09] [#]} Rf3 $2 33. Re6 $16 (33. Nxf3 $2 gxf3 34. Bxf3 Rxf3 $19) 33... Bxe6 34. Rxe6 {[%emt 0:00:11] Dancing on a razor blade.} Qd7 35. Bxf3 ({Much less strong is} 35. Rxg6 Rxf2 36. Qe1 (36. Qxf2 $2 Rxf2 37. Nce2 Qf7 $19) 36... Bb6 $14) 35... gxf3 36. Rxg6 Qh3 {[%emt 0:00:59][%csl Gf3][%cal Rh3g2] [#]} 37. Nxf3 $1 Rxf3 38. Nb3 (38. Nd3 $16) 38... Qf5 $11 39. Nd4 ({Much weaker is} 39. Qh6 Qb1+ 40. Kg2 (40. Nc1 $2 Rf7 $19) 40... Rf7 $15) 39... Qb1+ 40. Kg2 {[%emt 0:00:09] Rxg7+ is the strong threat.} Rxf2+ $1 41. Qxf2 Qxg6 42. Qf5 Qxf5 43. Nxf5 {[%emt 0:00:06][%mdl 4096] Endgame KB-KN} b5 44. axb5 cxb5 45. Nd4 b4 46. cxb4 Bf6 $1 47. Nc6 ({But not} 47. bxa5 Bxd4 48. Kf3 Kf7 $17) 47... axb4 (47... a4 $11 {keeps the balance.}) 48. Nxb4 (48. b3 $1 $16) 48... Bxb2 49. Nxd5 Kf7 50. Kf3 Be5 51. g4 Ke6 52. Ke4 {[%emt 0:00:00] And now Nf4+ would win.} Bb2 {[%emt 0:00:00] [#]} (52... Bg3 $11) 53. Nf4+ $1 $16 Kf7 {[%emt 0:00:00] [#]} 54. Kf5 $1 {[%emt 0:00:00] Inhibits g6+.} Bc3 55. Ng6 Bd4 56. Ne5+ ({Better is} 56. g5 $16) 56... Kg8 (56... Bxe5 $11 {remains equal.} 57. Kxe5 Kf8 58. Kf5 Kf7 59. h5 Kg8 60. Kg6 Kh8 61. h6 gxh6 62. Kxh6 Kg8) 57. Nf3 Bb2 58. Kg6 Bc3 59. Ng5 Bb2 60. Ne4 Bd4 61. Nd6 Bc3 62. Kf5 Be1 63. h5 Bb4 64. Ke6 (64. Nc4 $16) 64... Bxd6 $11 {[%emt 0:00:00] The position is equal.} 65. Kxd6 {[%emt 0:00:00] Intending Ke7 and mate. KPP-KP} g6 $1 66. h6 {[%emt 0:00:00] White wants to mate with Ke7.} g5 $1 67. Ke7 $1 {[%emt 0:00:00] Threatening mate with Kf6.} Kh7 68. Kf6 Kxh6 {[%emt 0:00:00] KP-KP} 69. Kf5 Kh7 70. Kxg5 {[%emt 0:00:00] KP-K} Kg7 71. Kf5 $1 {[%emt 0:00:00] White threatens Kg5 and mate.} Kf7 72. g5 Kg7 73. g6 Kg8 74. Kf6 (74. g7 $5 Kxg7 $11) 74... Kf8 75. g7+ Kg8 76. Kg6 {Weighted Error Value: White=0.13 (very precise) /Black=0.16 (very precise)} 1/2-1/2

[Event "93rd German Championship 2022"]
[Site "Magdeburg"]
[Date "2022.08.16"]
[Round "4.14"]
[White "Dobrikov, Marco"]
[Black "Florstedt, Johannes"]
[Result "0-1"]
[ECO "B90"]
[WhiteElo "2223"]
[BlackElo "2359"]
[Annotator "TA"]
[PlyCount "80"]
[EventDate "2022.08.14"]
[EventType "swiss"]
[EventCountry "GER"]
[SourceTitle "playchess.com"]
[Source "ChessBase"]
[SourceQuality "1"]
[TimeControl "40/5400+30:1800+30"]

1. e4 c5 2. Nf3 d6 3. d4 cxd4 4. Nxd4 Nf6 5. Nc3 a6 6. h3 e5 7. Nde2 h5 {[%emt 0:00:07] B90: Sicilian Najdorf: Unusual White 6th moves, 6 Be3 Ng4 and 6 Be3 e5.} 8. Bg5 Be6 9. Bxf6 Qxf6 {[%emt 0:00:10] The position is equal.} 10. Nd5 Qd8 11. Qd3 Nd7 12. O-O-O g6 13. Kb1 Nc5 14. Qa3 {[%emt 0:00:18] now scores much better than the old 14.Qf3.} h4 15. Nec3 Bg7 {[%emt 0:05:48] [#]} 16. Bc4 $146 ({Predecessor:} 16. Ne3 O-O 17. b4 Nd7 18. Rxd6 Qc7 19. Rd2 Nb6 20. Ncd5 Bxd5 21. Rxd5 Nxd5 22. Nxd5 {0-1 (36) Duda,J (2750)-Paragua,M (2461) Chennai 2022}) 16... b5 17. Bb3 {[%emt 0:00:12] Black continues to play with concentration.} (17. b4 $11 {and White is okay.} Nb7 18. Bb3) 17... Rb8 $19 18. Nb4 a5 19. Nc6 {[%emt 0:00:53] [#]} Qb6 {[%emt 0:00:57] Strongly threatening ...b4.} 20. Nxb8 {[%emt 0:02:35] [#]} (20. Bxe6 $142 b4 21. Nd5 (21. Qxa5 $2 bxc3 22. Qxb6 Rxb6 $17) 21... bxa3 22. Nxb6 Rxb6 23. Bd5) 20... b4 $1 21. Ba4+ Kf8 22. Nd5 Qxb8 (22... bxa3 $2 23. Nxb6 Nxe4 24. Rhe1 $18) 23. Qe3 Nxa4 24. Ka1 Bh6 {[%emt 0:01:42] Inhibits Qg5.} 25. Qf3 Bg5 {[%emt 0:00:52] Prevents Qf6.} 26. Qe2 Nc5 27. Rhf1 Kg7 28. f4 Bxd5 29. fxg5 Bxe4 30. Rf6 d5 31. Rc6 Rc8 32. Rxc8 Qxc8 33. Qf2 Nd7 34. Rc1 a4 35. Qxh4 a3 36. Qg3 d4 (36... Qc5 $142 {( -> ...Qd4)} 37. bxa3 bxa3) 37. c4 (37. bxa3 $19 d3 38. Qe1 dxc2 39. Qxb4) 37... bxc3 {[%emt 0:00:39] Black mates.} 38. bxc3 Qb7 39. Qf2 dxc3 40. Rf1 Qb2+ {[%emt 0:00:09] Weighted Error Value: White=0.57/Black=0.12 (very precise)} 0-1